 Dungeon Crawl Stone Soup version 0.20-a0-535-gc09f9e6 (webtiles) character file.

8150 PrrrPrrrPrrr the Thaumaturge (level 11, -4/62 HPs)
             Began as a Gargoyle Earth Elementalist on Jan 27, 2017.
             Was a Priest of Vehumet.
             Slain by a manticore (16 damage)
             ... on level 10 of the Dungeon.
             The game lasted 00:38:00 (14754 turns).

PrrrPrrrPrrr the Thaumaturge (GrEE)                Turns: 14754, Time: 00:38:01

Health: -4/62      AC: 10    Str: 11    XL:     11   Next: 26%
Magic:  21/25      EV: 13    Int: 20    God:    Vehumet [***...]
Gold:   486        SH:  0    Dex: 10    Spells: 21/30 levels left

rFire    + . .     SeeInvis .   w - +0 short sword (venom)
rCold    . . .     Gourm    .   c - +0 robe
rNeg     + + .     Faith    .   (no shield)
rPois    ∞         Spirit   .   (no helmet)
rElec    +         Reflect  .   a - +0 cloak
rCorr    .         Harm     .   (no gloves)
MR       +....                  (no boots)
Stlth    ++........             (no amulet)
Regen    0.2/turn               (no ring)
                                z - ring of positive energy

@: no status effects
A: claws 1, fire resistance 1, magic resistance 1, negative energy resistance 1,
electricity resistance, unbreathing, petrification resistance, rot immunity, AC
+7
a: Renounce Religion


You were on level 10 of the Dungeon.
You worshipped Vehumet.
Vehumet was most pleased with you.
You were not hungry.

You visited 2 branches of the dungeon, and saw 11 of its levels.
You also visited: Sewer.

You collected 486 gold pieces.

Inventory:

Hand Weapons
 d - a +1 morningstar
 l - a +2 hand axe of distortion
 r - a +0 dagger of venom
 w - a +0 short sword of venom (weapon)
 y - a +1 flail of freezing
Missiles
 b - 34 stones (quivered)
Armour
 a - a +0 cloak (worn)
 c - a +0 robe (worn)
Jewellery
 z - a ring of positive energy (left claw)
Wands
 g - a wand of iceblast (10/15)
 n - a wand of random effects (37/48)
 A - a wand of acid (10/15)
 F - a wand of confusion (26/48)
Scrolls
 i - 4 scrolls of teleportation
 q - 3 scrolls of remove curse
 t - a scroll of fear
 v - a scroll of recharging
 x - a scroll of immolation
 B - 7 scrolls of identify
 E - a scroll of blinking
Potions
 f - a potion of berserk rage
 o - 3 potions of curing
 s - 2 potions of flight
 u - 4 potions of haste
 D - a potion of cancellation
Books
 e - a book of Geomancy

   Spells                             Type                      Level
   a - Sandblast                      Earth                        1
   b - Passwall                       Transmutation/Earth          2
   c - Stone Arrow                    Conjuration/Earth            3
   d - Petrify                        Transmutation/Earth          4
   e - Lee's Rapid Deconstruction     Earth                        5
 m - a book of Cantrips

   Spells                             Type                      Level
   a - Confusing Touch                Hexes                        1
   b - Animate Skeleton               Necromancy                   1
   c - Summon Small Mammal            Summoning                    1
   d - Apportation                    Translocation                1
 C - a book of Necromancy

   Spells                             Type                      Level
   a - Pain                           Necromancy                   1
   b - Animate Skeleton               Necromancy                   1
   c - Vampiric Draining              Necromancy                   3
   d - Regeneration                   Charms/Necromancy            3
   e - Animate Dead                   Necromancy                   4
   f - Control Undead                 Necromancy                   4
Comestibles
 h - 4 bread rations
 j - 6 fruits
 k - 3 royal jellies
 p - 3 meat rations


   Skills:
 + Level 4.8 Fighting
 + Level 4.1 Maces & Flails
 + Level 4.0 Armour
 + Level 3.7 Dodging
 - Level 2.1 Stealth
 * Level 10.0 Spellcasting
 + Level 7.8 Conjurations
   Level 0.7 Transmutations
 + Level 9.6 Earth Magic


You had 21 spell levels left.
You knew the following spells:

 Your Spells              Type           Power        Failure   Level  Hunger
a - Sandblast             Erth           #####.       1%          1    None
b - Stone Arrow           Conj/Erth      #####.       1%          3    None
c - Lee's Rapid Deconstr  Erth           #####.....   1%          5    ####...


Dungeon Overview and Level Annotations

Branches:
Dungeon (10/15)            Temple (1/1) D:4            Lair (0/6) D:8
    Orc (0/2) D:9

Altars:
Ashenzari
Cheibriados
Dithmenos
Elyvilon
Fedhas
Gozag
Hepliaklqana
Kikubaaqudgha
Makhleb
Nemelex Xobeh
Okawaru
Qazlal
Ru
Sif Muna
Trog
Uskayaw
Vehumet
Xom
Yredelemnul
Zin
The Shining One

Shops:
D:5 ?


Innate Abilities, Weirdness & Mutations

You are resistant to torment.
Your stone body is resilient. (AC +7)
You are immune to poison.
You resist negative energy. (rN+)
You are resistant to electric shocks. (rElec)
You can survive without breathing.
You are immune to petrification.
You are immune to rotting.
You have sharp fingernails.
Your flesh is heat resistant. (rF+)
You are resistant to hostile enchantments. (MR+)


Message History

Press: ? - help, Shift-Dir - straight line, f - manticore
Aim: a manticore (lightly wounded)
The blast of sand hits the manticore.
The manticore is lightly wounded.
b - 34 stones The manticore closely misses you.
The manticore claws you but does no damage. x2
Casting: Sandblast
Confirm with . or Enter, or press ? or * to list all spells.
Aiming: Stone Arrow
Press: ? - help, Shift-Dir - straight line, f/p - manticore
Aim: a manticore (lightly wounded)
The stone arrow hits the manticore.
The manticore is moderately wounded.
The manticore bites you!
* * * LOW HITPOINT WARNING * * *
The manticore claws you but does no damage.
The manticore closely misses you.
You feel better. The manticore bites you!
You die...

#...#..#.....#
#####..+
#...#..#.....# .#
..# #...#..#.....+
.####
#...#..#...[.#......
#...#..#.....#......
#......#######......
#...................
#...........†...####
#...........@.......
#............H......
#...##..............
#...................
####################


You could see a manticore.

Vanquished Creatures
  A two-headed ogre (D:8)
  The ghost of Bekkur the Fighter, a novice DsAK of Lugonu (D:8)
  The ghost of Vesto the Skirmisher, a novice HOFi (D:5)
  Psyche (D:9)
  A gargoyle (D:10)
  2 trolls
  Prince Ribbit (D:9)
  2 hippogriffs (D:9)
  Sigmund (D:2)
  A wyvern (D:8)
  5 yaks (D:9)
  Menkaure (D:4)
  Duvessa (D:6)
  Purgy (Sewer)
  A hornet zombie (D:5)
  2 orc warriors
  A black bear (D:7)
  An ogre (D:4)
  4 wolves (D:8)
  2 phantoms
  2 sky beasts
  A centaur (D:7)
  3 big kobolds
  3 bullfrogs
  Blork the orc (D:4)
  A wyvern zombie (D:8)
  Dowan (D:6)
  A wyvern skeleton (D:9)
  2 vampire bats (D:3)
  9 wights
  5 electric eels
  2 howler monkeys (D:8)
  3 crimson imps
  6 hounds
  4 orc priests
  A centaur skeleton (D:9)
  3 jellies
  9 orc wizards
  3 iguanas
  Jessica (D:2)
  3 worker ants
  2 hound skeletons
  8 adders
  A river rat (D:5)
  2 shadow imps
  2 oozes
  An adder skeleton (D:4)
  2 worms (D:3)
  4 dart slugs
  7 leopard geckos
  36 orcs
  10 giant cockroaches
  7 goblins
  6 hobgoblins
  13 jackals
  21 kobolds
  5 quokkas
  A ball python (D:4)
  13 bats
  2 frilled lizards (D:2)
  A jackal skeleton (D:3)
  2 jackal zombies (D:3)
  2 leopard gecko skeletons (D:3)
  A leopard gecko zombie (D:3)
  A quokka zombie (D:3)
  9 rats
254 creatures vanquished.

Notes
Turn   | Place    | Note
-------+----------+-------------------------------------------
     0 | D:1      | PrrrPrrrPrrr the Gargoyle Earth Elementalist began the quest for the Orb.
     0 | D:1      | Reached XP level 1. HP: 10/10 MP: 3/3
   191 | D:1      | Reached XP level 2. HP: 14/15 MP: 3/5
  1181 | D:1      | Gained mutation: You are resistant to hostile enchantments. (MR+) [potion of mutation]
  1181 | D:1      | Gained mutation: Your flesh is heat resistant. (rF+) [potion of mutation]
  1181 | D:1      | Gained mutation: You have sharp fingernails. [potion of mutation]
  1397 | D:2      | Reached XP level 3. HP: 19/19 MP: 2/7
  1402 | D:2      | Learned a level 3 spell: Stone Arrow
  1459 | D:2      | Found a hazy altar of Hepliaklqana.
  1461 | D:2      | Found a shimmering altar of Xom.
  1461 | D:2      | Noticed an earth elemental
  1462 | D:2      | Noticed a spectral ugly thing
  1462 | D:2      | Noticed an earth elemental
  1614 | D:2      | Noticed Jessica
  1617 | D:2      | Killed Jessica
  1617 | D:2      | Reached skill level 3 in Spellcasting
  1668 | D:2      | Reached XP level 4. HP: 24/24 MP: 8/8
  1950 | D:2      | Noticed Sigmund
  1959 | D:2      | Killed Sigmund
  1959 | D:2      | Reached skill level 4 in Spellcasting
  1959 | D:2      | Reached skill level 5 in Earth Magic
  1959 | D:2      | Reached XP level 5. HP: 7/28 MP: 2/11
  2410 | D:2      | Learned a level 5 spell: Lee's Rapid Deconstruction
  2885 | D:3      | Reached XP level 6. HP: 32/32 MP: 12/12
  3759 | D:3      | Found a burning altar of Makhleb.
  3759 | D:3      | Noticed an Executioner
  4563 | D:4      | Noticed Blork the orc
  4576 | D:4      | Killed Blork the orc
  4576 | D:4      | Reached skill level 5 in Spellcasting
  4576 | D:4      | Reached XP level 7. HP: 36/36 MP: 8/14
  4886 | D:4      | Noticed Menkaure
  4895 | D:4      | Killed Menkaure
  5343 | D:4      | Reached skill level 6 in Spellcasting
  5343 | D:4      | Reached XP level 8. HP: 41/41 MP: 10/17
  5439 | D:4      | Found a shadowy altar of Dithmenos.
  6084 | D:4      | Found a staircase to the Ecumenical Temple.
  6096 | Temple   | Entered the Ecumenical Temple
  6189 | Temple   | Became a worshipper of Vehumet
  6933 | D:5      | Entered Level 5 of the Dungeon
  6968 | D:5      | Found a bloodstained altar of Trog.
  7021 | D:5      | Noticed Vesto's ghost (novice HOFi)
  7029 | D:5      | Killed Vesto's ghost
  7029 | D:5      | Reached skill level 7 in Spellcasting
  7029 | D:5      | Reached skill level 5 in Conjurations
  7191 | D:5      | Found a glowing drain.
  7195 | Sewer    | Entered a sewer
  7203 | Sewer    | Noticed Vesto's ghost (amateur HOFi)
  7207 | Sewer    | Noticed Purgy
  7214 | Sewer    | Killed Purgy
  7478 | D:5      | Found a sparkling altar of Nemelex Xobeh.
  7528 | D:5      | Found Neiptou's Magic Scroll Shoppe.
  8723 | D:6      | Reached * piety under Vehumet
  8723 | D:6      | Offered knowledge of Shock by Vehumet.
  8723 | D:6      | Reached XP level 9. HP: 30/45 MP: 12/20
  9057 | D:6      | Noticed Dowan
  9060 | D:6      | Noticed Duvessa
  9083 | D:6      | Killed Duvessa
  9115 | D:6      | Killed Dowan
  9115 | D:6      | Reached skill level 8 in Spellcasting
 10099 | D:7      | Reached skill level 1 in Fighting
 10605 | D:8      | Noticed Bekkur's ghost (novice DsAK)
 10766 | D:8      | Killed Bekkur's ghost
 10766 | D:8      | Reached skill level 1 in Maces & Flails
 10766 | D:8      | Reached skill level 1 in Armour
 11176 | D:8      | Reached XP level 10. HP: 53/53 MP: 19/22
 11402 | D:8      | Reached skill level 9 in Spellcasting
 11414 | D:8      | Noticed a two-headed ogre
 11421 | D:8      | Killed a two-headed ogre
 11444 | D:8      | Offered knowledge of Sting by Vehumet.
 11448 | D:8      | Reached ** piety under Vehumet
 11765 | D:8      | Found a staircase to the Lair.
 12488 | D:8      | Found a shadowy altar of Dithmenos.
 12488 | D:8      | Found an iron altar of Okawaru.
 12490 | D:8      | Found a white marble altar of Elyvilon.
 12555 | D:8      | Found a stormy altar of Qazlal.
 12557 | D:8      | Found a sparkling altar of Nemelex Xobeh.
 12726 | D:9      | Noticed Prince Ribbit
 12737 | D:9      | Killed Prince Ribbit
 13377 | D:9      | Offered knowledge of Ignite Poison by Vehumet.
 13377 | D:9      | Reached XP level 11. HP: 15/61 MP: 15/24
 13701 | D:9      | Noticed Psyche
 13704 | D:9      | Killed Psyche
 13842 | D:9      | Found a staircase to the Orcish Mines.
 13943 | D:9      | Reached *** piety under Vehumet
 14067 | D:9      | Reached skill level 10 in Spellcasting
 14240 | D:10     | Entered Level 10 of the Dungeon
 14740 | D:10     | Noticed a manticore
 14753 | D:10     | HP: 2/62 [manticore (9)]
 14754 | D:10     | Slain by a manticore

Vault maps used:
D:1:      matt_arrival_spirals
D:2:      regret_index_temple_of_mockery, minmay_box_of_dots, uniq_sigmund,
          uniq_jessica
D:3:      makhleb_altar_promises_db, serial_undead, serial_undead_c,
          serial_undead_d, serial_undead_c, serial_undead_d, serial_undead_b,
          serial_undead_e, first_bread, roderic_batcave
D:4:      temple_hall, grunt_dithmenos_smoke, uniq_blork_the_orc, uniq_menkaure
D:5:      lightli_temple_of_fire, gup_sewer_entry_bowl, serial_shops,
          nicolae_shop_temple_entry_statues_fountains,
          nemelex_xobeh_ov_fountains_minmay
D:6:      uniq_duvessa
D:8:      nicolae_overflow_hidden_temple, erik_lair_island
D:9:      statuecave_lemuel, orc_0_dummy, uniq_prince_ribbit1, uniq_psyche
D:10:     the_bakery
Temple:   minmay_temple_forest_path
Sewer:    kennysheep_door_sewer

Skill      XL: |  1  2  3  4  5  6  7  8  9 10 11 |
---------------+----------------------------------+-----
Earth Magic    | 4 5 6 7 8 9 |  9.6
Spellcasting   | 3 4 5 6 7 8 9 10 | 10.0
Conjurations   | 2 3 4 5 6 7 |  7.8
Fighting       | 2 4 |  4.8
Maces & Flails | 1 3 4 |  4.1
Armour         | 1 3 4 |  4.0
Dodging        | 2 3 |  3.7
Stealth        | |  2.1
Transmutations | |  0.7

Action                   |  1- 3 |  4- 6 |  7- 9 | 10-12 || total
-------------------------+-------+-------+-------+-------++-------
Melee: Club              |    32 |    10 |       |       ||    42
       Hand axe          |       |   116 |       |       ||   116
       Morningstar       |       |    72 |    10 |       ||    82
       Dagger            |       |       |   238 |       ||   238
       Short sword       |       |       |   116 |   232 ||   348
 Cast: Sandblast         |    22 |    17 |    98 |    77 ||   214
       Stone Arrow       |       |       |    17 |    22 ||    39
       Lee's Rapid Decon |       |       |       |     7 ||     7
  Use: Scroll            |     3 |     6 |     7 |     3 ||    19
       Potion            |     2 |     1 |       |     5 ||     8
 Stab: Sleeping          |     1 |     3 |     4 |     1 ||     9
       Distracted        |       |       |     1 |       ||     1
       Invisible         |       |       |       |     1 ||     1
  Eat: Bread ration      |     1 |       |       |       ||     1
       Chunk             |       |     8 |    15 |    12 ||    35
       Royal jelly       |       |       |     1 |       ||     1
       Fruit             |       |       |     4 |     1 ||     5
Armor: Robe              |    20 |    94 |   198 |   121 ||   433
Dodge: Dodged            |    39 |   188 |   339 |   215 ||   781
